 Dungeon Crawl Stone Soup version 0.28.0-43-g3370ac3207 (webtiles) character file.

Game seed: 1595201244350061595

225 issech the Cudgeller (level 5, 0/53 HPs)
             Began as a Troll Monk on Mar 31, 2022.
             Slain by a water moccasin (6 damage)
             ... on level 4 of the Dungeon on Apr 1, 2022.
             The game lasted 00:08:03 (2663 turns).

issech the Cudgeller (Troll Monk)                   Turns: 2663, Time: 00:08:03

Health: 0/53       AC:  4    Str: 19    XL:     5   Next: 68%
Magic:  4/4        EV: 10    Int:  6    God:
Gold:   109        SH:  0    Dex: 14    Spells: 4/4 levels left

rFire   . . .      SeeInvis .   s - +0 morningstar
rCold   . . .      Faith    .   (no shield)
rNeg    . . .      Spirit   .   b - +0 robe
rPois   .          Reflect  .   (helmet restricted)
rElec   .          Harm     .   (no cloak)
rCorr   .          Rampage  .   (gloves unavailable)
Will    .....                   (boots unavailable)
Stlth   ++........              (no amulet)
HPRegen 0.97/turn               (no ring)
MPRegen 0.09/turn               (no ring)

@: lethally poisoned (0 -> -8)
A: large, unfitting armour, claws 3, regeneration 1, shaggy fur 1, tough skin 1
a: no special abilities


You were on level 4 of the Dungeon.
You visited 1 branch of the dungeon, and saw 4 of its levels.

You collected 109 gold pieces.

Inventory:

Hand Weapons
 a - a +0 mace
 f - a +2 dagger of venom
 p - a +0 hunting sling
 s - a +0 morningstar (weapon)
 t - a +0 hand crossbow
Missiles
 e - 52 stones
 h - 19 sling bullets
 j - a large rock (quivered)
 k - 59 bolts
 n - 26 arrows
 r - a boomerang
Armour
 b - a +0 robe (worn)
Scrolls
 c - 3 scrolls of identify
 d - a scroll of torment
 m - a scroll of holy word
 o - a scroll of fog
Potions
 g - a potion of invisibility {unknown}
 i - a potion of haste {unknown}
 l - a potion of curing {unknown}
 q - 2 potions of mutation {unknown}


   Skills:
 + Level 3.1 Fighting
 + Level 4.3 Maces & Flails
 + Level 1.5 Throwing
 + Level 3.1 Dodging
 + Level 1.3 Stealth


You had 4 spell levels left.
You didn't know any spells.
Your spell library contained the following spells:

 Spells                   Type           Power      Damage    Failure   Level
 Shock                    Conj/Air       0%         1d3       45%         1
 Blink                    Tloc           0%         N/A       58%         2
 Gell's Gravitas          Tloc           0%         N/A       83%         3
 Swiftness                Air            0%         N/A       83%         3
 Teleport Other           Tloc           0%         N/A       83%         3
 Airstrike                Air            0%         N/A       99%         4
 Manifold Assault         Tloc           0%         N/A       100%        5
 Dispersal                Tloc           0%         N/A       100%        6
 Storm Form               Tmut/Air       0%         N/A       100%        7


Dungeon Overview and Level Annotations

Branches:
Dungeon (4/15)
 Temple: D:4-7

Altars:
Nemelex Xobeh
Ru
Sif Muna


Innate Abilities, Weirdness & Mutations

You are too large for most types of armour.
You have claws for hands.
Your natural rate of healing is unusually fast.
You are covered in fur. (AC +1)
You have tough skin. (AC +1)


Message History

The water moccasin closely misses you.
You see here a scroll of identify.
You hit the water moccasin.
The water moccasin is lightly wounded.
The water moccasin bites you.
You closely miss the water moccasin.
The water moccasin is lightly wounded.
The water moccasin bites you. The water moccasin bites you!
You are poisoned.
The water moccasin poisons you! The hound skeleton barely misses you.
You closely miss the water moccasin.
The water moccasin is lightly wounded.
You feel very sick. The water moccasin closely misses you.
The hound skeleton bites you.
The water moccasin bites you but does no damage.
The hound skeleton bites you.
You puncture the water moccasin!
The water moccasin is heavily wounded.
You feel sick.
The water moccasin bites you but does no damage.
The hound skeleton barely misses you.
The water moccasin bites you but does no damage.
The hound skeleton bites you.
You barely miss the water moccasin.
The water moccasin is heavily wounded.
You feel sick. The water moccasin bites you.
You are more poisoned.
The water moccasin poisons you! The hound skeleton bites you.
The water moccasin bites you.
You hit the water moccasin.
The water moccasin is heavily wounded.
* * * LOW HITPOINT WARNING * * *
You feel extremely sick. The hound skeleton bites you.
* * * LOW HITPOINT WARNING * * *
The water moccasin bites you but does no damage.
The hound skeleton bites you.
* * * LOW HITPOINT WARNING * * *
The water moccasin bites you.
You die...

# .## ..... #.....
####.....# ###.......#
####...Z....#
##.....@....#
.......S...#######
.................# #
#................# .##
#...............#### #..
.....):............###..
#..................)....
##......#####...........
######## ##..........


You could see a water moccasin and a hound skeleton.

Vanquished Creatures
  A sky beast (D:3)
  Jessica (D:2)
  An orc wizard (D:3)
  A gnoll (D:3)
  A worm (D:1)
  3 dart slugs
  4 orcs (D:3)
  6 endoplasms
  A giant cockroach (D:2)
  9 goblins
  6 hobgoblins
  4 quokkas
  6 ball pythons
  2 bats (D:1)
  4 frilled lizards (D:1)
  4 kobolds
  4 rats
58 creatures vanquished.

Notes
Turn   | Place    | Note
-------+----------+-------------------------------------------
     0 | D:1      | issech the Troll Monk began the quest for the Orb.
     0 | D:1      | Reached XP level 1. HP: 22/22 MP: 0/0
   230 | D:1      | Reached XP level 2. HP: 20/29 MP: 1/1
   272 | D:1      | Reached skill level 3 in Maces & Flails
   311 | D:1      | Found a faded altar of an unknown god.
   551 | D:1      | Reached XP level 3. HP: 36/36 MP: 2/2
  1289 | D:2      | Noticed Jessica
  1292 | D:2      | Killed Jessica
  1293 | D:2      | Reached XP level 4. HP: 44/44 MP: 3/3
  1620 | D:3      | Found a sacrificial altar of Ru.
  1790 | D:3      | Found a sparkling altar of Nemelex Xobeh.
  1991 | D:3      | Noticed a sky beast
  2004 | D:3      | Killed a sky beast
  2005 | D:3      | Reached skill level 4 in Maces & Flails
  2005 | D:3      | Reached skill level 1 in Throwing
  2005 | D:3      | Reached XP level 5. HP: 19/53 MP: 4/4
  2380 | D:3      | Found a shimmering blue altar of Sif Muna.
  2651 | D:4      | Noticed a water moccasin
  2663 | D:4      | Slain by a water moccasin

Illustrated notes

Levels and vault maps discovered:
D:1:      dpeg_arrival_brainrot, layout_loops_corners,
          nicolae_ecumenical_snake_handling
D:2:      layout_loops_ring, uniq_jessica
D:3:      layout_loops_ring, mainiacjoe_overflow_surrounded_room,
          kennysheep_orc_sif_temple, nicolae_ru_awakened_eye, minmay_vboxes
D:4:      layout_cave_pods, nicolae_overflow_hallway_of_the_gods,
          minmay_temple_entry_wispy, uniq_eustachio, uniq_pikel

Skill      XL: |  1  2  3  4 |
---------------+-------------+-----
Maces & Flails | 3 4 |  4.3
Fighting       | 3 |  3.1
Throwing       | 1 |  1.5
Dodging        | 3 |  3.1
Stealth        | |  1.3

Action                   |  1- 3 |  4- 6 || total
-------------------------+-------+-------++-------
Melee: Mace              |    73 |    76 ||   149
       Punch             |     1 |       ||     1
       Morningstar       |       |     6 ||     6
Throw: Stone             |     7 |       ||     7
       Large rock        |    11 |    12 ||    23
  Use: Scroll            |       |     3 ||     3
 Stab: Sleeping          |     2 |       ||     2
Armor: Robe              |    18 |    24 ||    42
Dodge: Dodged            |    32 |    42 ||    74
